 Dungeon Crawl Stone Soup version 0.27-a0-1347-gd8886f0a89 (webtiles) character file.

Game seed: 3469196468969192260

2 Lanoc the Grave Robber (level 1, -1/13 HPs)
             Began as a Demonspawn Necromancer on June 27, 2021.
             Slain by a giant cockroach (2 damage)
             ... on level 1 of the Dungeon.
             The game lasted 00:00:21 (37 turns).

Lanoc the Grave Robber (Demonspawn Necromancer)       Turns: 37, Time: 00:00:21

Health: -1/13      AC:  2    Str:  8    XL:     1   Next: 33%
Magic:  0/3        EV: 12    Int: 16    God:
Gold:   0          SH:  0    Dex: 13    Spells: 3/4 levels left

rFire    . . .     SeeInvis .   (no weapon)
rCold    . . .     Faith    .   (no shield)
rNeg     . . .     Spirit   .   a - +0 robe
rPois    .         Reflect  .   (no helmet)
rElec    .         Harm     .   (no cloak)
rCorr    .         Rampage  .   (no gloves)
Will     .....                  (no boots)
Stlth    ++........             (no amulet)
HPRegen  0.04/turn              (no ring)
MPRegen  0.08/turn              (no ring)

@: no status effects
A: no striking features
a: no special abilities


You were on level 1 of the Dungeon.
You visited 1 branch of the dungeon, and saw 1 of its levels.

Inventory:

Armour
 a - a +0 robe (worn)


   Skills:
 + Level 1.8 Dodging
 - Level 1.7 Stealth
 - Level 2.0 Spellcasting
 * Level 4.5 Necromancy


You had 3 spell levels left.
You knew the following spells:

 Your Spells              Type           Power      Damage    Failure   Level
a - Pain                  Necr           64%        1d7       3%          1

Your spell library contained the following spells:

 Spells                   Type           Power      Damage    Failure   Level
 Animate Skeleton         Necr           32%        N/A       3%          1
 Vampiric Draining        Necr           8%         2d7       10%         3
 Animate Dead             Necr           8%         N/A       32%         4
 Agony                    Necr           16%        N/A       65%         5


Dungeon Overview and Level Annotations

Branches:
Dungeon (1/15)

Altars:


Message History

The endoplasm freezes you.
You are frozen.
* * * LOW HITPOINT WARNING * * *
An endoplasm comes into view.
The endoplasm quivers.
A rat comes into view.
Found 16 gold pieces.
Casting: Pain (safe; 3% risk of failure)
Confirm with . or Enter, or press ? or * to list all spells.
Aiming: Pain (safe; 3% risk of failure)
Press: ? - help, Shift-Dir - straight line, f - endoplasm
Aim: an endoplasm (chance to affect: 85%)
The endoplasm writhes in agony.
The endoplasm barely misses you. The endoplasm closely misses you.
Found an escape hatch in the floor.
Found a scroll labelled BIELARAZATO.
A giant cockroach comes into view.
A bat, a ball python and a quokka come into view.
The giant cockroach closely misses you. The bat hits you.
* * * LOW HITPOINT WARNING * * *
Casting: Pain (safe; 3% risk of failure)
Confirm with . or Enter, or press ? or * to list all spells.
Aiming: Pain (safe; 3% risk of failure)
Press: ? - help, Shift-Dir - straight line, f/p - endoplasm
Aim: an endoplasm (moderately wounded, chance to affect: 85%)
The endoplasm writhes in agony.
You kill the endoplasm!
The bat barely misses you. The bat closely misses you.
The giant cockroach completely misses you.
The ball python hisses angrily.
The bat barely misses you. The giant cockroach barely misses you.
The bat closely misses you. x2; The quokka closely misses you.
The ball python completely misses you. The ball python barely misses you.
The quokka misses you.
A frilled lizard comes into view.
The bat misses you. The bat closely misses you.
The ball python closely misses you. x2
The giant cockroach bites you.
You die...

. ########
...####......#
......#......#
#..@bS...#
..l..#.JB....#
### #..r....#
#.......#
#.......#
##.###### #.#
..$. ##.###
.... #....#
.....


You could see an endoplasm, a quokka, a giant cockroach, a bat, a ball python
and a frilled lizard (asleep).

Vanquished Creatures
  2 endoplasms (D:1)
2 creatures vanquished.

Notes
Turn   | Place    | Note
-------+----------+-------------------------------------------
     0 | D:1      | Lanoc the Demonspawn Necromancer began the quest for the
                  | Orb.
     0 | D:1      | Reached XP level 1. HP: 13/13 MP: 3/3
    37 | D:1      | Slain by a giant cockroach

Illustrated notes

Levels and vault maps discovered:
D:1:      onia_arrival_handbag, layout_basic,
          shapermc_ecumenical_altar_totnotflames, serial_shops, shop

Action                   || total
-------------------------++-------
 Cast: Pain              ||     5
Dodge: Dodged            ||    19

Table legend: (Time is in decaauts)
 A = Elapsed time spent in this place.
 B = Non-inter-level travel time spent in this place.
 C = Inter-level travel time spent in this place.
 D = Time resting spent in this place.
 E = Time spent auto-exploring this place.
 F = Levels seen in this place.
 G = Mean time per level.
                   A        B        C        D        E       F      G
               +--------+--------+--------+--------+--------+-----+--------+
         Total |     37 |     37 |      0 |      0 |      3 |   1 |   37.0 |
       Dungeon |     37 |     37 |      0 |      0 |      3 |   1 |   37.0 |
               +--------+--------+--------+--------+--------+-----+--------+

Top non-repeatable levels by time:
     D:1: 37 daAuts
